 Dungeon Crawl Stone Soup version 0.29.1-15-g9cfb28693d (webtiles) character file.

Game seed: 9718211219766864570

6030 GigaChad the Cleaver (level 10, -2/91 HPs)
             Began as a Minotaur Fighter on Mar 11, 2023.
             Was an Initiate of Gozag.
             Slain by an efreet
             ... wielding a +2 scimitar of flaming
              (4 damage)
             ... on level 9 of the Dungeon.
             The game lasted 00:24:38 (7569 turns).

GigaChad the Cleaver (Minotaur Fighter)             Turns: 7569, Time: 00:24:42

Health: -2/91      AC: 16    Str: 30    XL:     10   Next: 56%
Magic:  9/9        EV: 13    Int:  6    God:    Gozag
Gold:   476        SH:  5    Dex:  8    Spells: 9/9 levels left

rFire   . . .      SeeInvis +   a - +1 war axe
rCold   . . .      Faith    .   c - +0 buckler
rNeg    . . .      Spirit   .   I - +0 plate armour
rPois   +          Reflect  .   (helmet restricted)
rElec   .          Harm     .   (no cloak)
rCorr   +          Rampage  .   g - +1 pair of gloves of Nice Wonder {Regen+ Str+3 Int+3}
Will    .....                   (no boots)
Stlth   ..........              j - amulet of regeneration
HPRegen 1.85/turn               y - ring of Mitawn {rPois rCorr Dex-2 Slay+4 SInv}
MPRegen 0.11/turn               B - ring of the Hippo {Fly EV+4 Str+2 Int-2}

@: flying
A: horns 2, retaliatory headbutt
a: Renounce Religion, Potion Petition, Call Merchant, Bribe Branch


You were on level 9 of the Dungeon.
You worshipped Gozag.
Gozag was aware of your devotion.
You visited 2 branches of the dungeon, and saw 11 of its levels.

You collected 1470 gold pieces.
You spent 496 gold pieces at shops.
You paid 498 gold pieces to Gozag.

Inventory:

Hand Weapons
 a - a +1 war axe (weapon)
 E - a +4 trident of venom
 K - a +0 vampiric great sword
Missiles
 C - a throwing net (quivered)
Armour
 b - a +0 scale mail
 c - a +0 buckler (worn)
 g - the +1 pair of gloves of Nice Wonder (worn) {Regen+ Str+3 Int+3}
   (You acquired it on level 3 of the Dungeon)

   Str:       It affects your strength (+3).
   Int:       It affects your intelligence (+3).
   Regen:     It increases your rate of health regeneration.
 x - a +2 chain mail
 I - a +0 plate armour (worn)
Jewellery
 e - an amulet of faith
 j - an amulet of regeneration (around neck)
 m - a ring of positive energy
 y - the ring of Mitawn (left hand) {rPois rCorr Dex-2 Slay+4 SInv}
   (You found it on level 5 of the Dungeon)

   [ring of slaying]

   Dex:       It affects your dexterity (-2).
   Slay:      It affects your accuracy & damage with ranged weapons and melee
   (+4).
   rPois:     It protects you from poison.
   SInv:      It lets you see invisible.
   rCorr:     It protects you from acid and corrosion.
 B - the ring of the Hippo (right hand) {Fly EV+4 Str+2 Int-2}
   (You bought it in a shop on level 6 of the Dungeon)

   [ring of evasion]

   EV:        It affects your evasion (+4).
   Str:       It affects your strength (+2).
   Int:       It affects your intelligence (-2).
   Fly:       It grants you flight.
 H - an amulet of reflection
 L - the amulet of Discord {Faith rF+ Slay+2 SInv}
   (You found it on level 7 of the Dungeon)

   [amulet of faith]

   It allows you to gain divine favour quickly.
   Slay:      It affects your accuracy & damage with ranged weapons and melee
   (+2).
   rF:        It protects you from fire.
   SInv:      It lets you see invisible.
Wands
 r - a wand of flame (23)
 A - a wand of light (16)
 F - a wand of paralysis (4)
 M - a wand of digging (4)
Scrolls
 f - a scroll of fog {unknown}
 i - 8 scrolls of teleportation
 k - 3 scrolls of blinking
 o - 2 scrolls of vulnerability {unknown}
 p - a scroll of magic mapping
 q - a scroll of brand weapon {unknown}
 s - a scroll of immolation
 t - 2 scrolls of noise
 z - a scroll of silence {unknown}
 D - 3 scrolls of identify
 G - a scroll of acquirement
 J - a scroll of poison {unknown}
 O - a scroll of enchant armour
Potions
 d - 3 potions of might
 h - 2 potions of berserk rage {unknown}
 l - a potion of attraction {unknown}
 n - 4 potions of degeneration
 u - 3 potions of curing
 v - 2 potions of haste {unknown}
 w - 6 potions of heal wounds {unknown}
 N - a potion of mutation {unknown}
 P - a potion of lignification {unknown}


   Skills:
 * Level 9.4 Fighting
 + Level 12.2 Axes
 * Level 9.1 Armour
 * Level 5.3 Dodging
 - Level 0.5 Stealth
 * Level 7.2 Shields


You had 9 spell levels left.
You didn't know any spells.
Your spell library contained the following spells:

 Spells                   Type           Power      Damage    Failure   Level
 Slow                     Hex            0%         N/A       99%         1
 Confusing Touch          Hex            0%         N/A       100%        3
 Vampiric Draining        Necr           0%         2d6       100%        3
 Fireball                 Conj/Fire      0%         3d3       100%        5
 Summon Forest            Summ/Tloc      0%         N/A       100%        5
 Eringya's Noxious Bog    Tmut/Pois      0%         N/A       100%        6
 Starburst                Conj/Fire      0%         6d3       100%        6
 Summon Hydra             Summ           0%         N/A       100%        7
 Ignition                 Fire           0%         3d3       100%        8


Dungeon Overview and Level Annotations

Branches:
Dungeon (10/15)            Temple (1/1) D:4
   Lair: D:8-11         Orc: D:9-12

Altars:
Ashenzari
Cheibriados
Dithmenos
Elyvilon
Fedhas
Gozag
Hepliaklqana
Kikubaaqudgha
Makhleb
Nemelex Xobeh
Okawaru
Qazlal
Ru
Sif Muna
Trog
Uskayaw
Vehumet
Wu Jian
Xom
Yredelemnul
Zin
The Shining One

Shops:
D:6 *=(=   D:8 ((


Innate Abilities, Weirdness & Mutations

You have a pair of horns on your head.
You reflexively headbutt those who attack you in melee.


Message History

You hear a shout!
A tengu warrior comes into view. It is wielding a +2 great sword.
The nine-headed hydra bites you. The nine-headed hydra bites you!
The nine-headed hydra barely misses you.
The nine-headed hydra bites you.
The nine-headed hydra bites you but does no damage.
The nine-headed hydra bites you. The nine-headed hydra misses you.
The nine-headed hydra completely misses you.
You block the nine-headed hydra's attack.
You slice one of the nine-headed hydra's heads off!
The eight-headed hydra grows two more!
You slash the ten-headed hydra!
The ten-headed hydra is moderately wounded.
You hit the efreet. The efreet closely misses you. You furiously retaliate!
You headbutt the efreet! The ten-headed hydra barely misses you.
The ten-headed hydra misses you. The ten-headed hydra bites you!
The ten-headed hydra barely misses you.
The ten-headed hydra bites you but does no damage. x4
The ten-headed hydra bites you!
* * * LOW HITPOINT WARNING * * *
You block the ten-headed hydra's attack.
You slice one of the ten-headed hydra's heads off!
The nine-headed hydra grows two more!
You hit the 11-headed hydra. You headbutt the 11-headed hydra.
The 11-headed hydra is moderately wounded.
You hit the efreet. The 11-headed hydra closely misses you.
The 11-headed hydra bites you but does no damage.
The 11-headed hydra bites you.
* * * LOW HITPOINT WARNING * * *
The 11-headed hydra bites you but does no damage.
The 11-headed hydra bites you.
* * * LOW HITPOINT WARNING * * *
The 11-headed hydra bites you but does no damage.
The 11-headed hydra bites you!
* * * LOW HITPOINT WARNING * * *
You block the 11-headed hydra's attack.
The 11-headed hydra bites you but does no damage.
The 11-headed hydra closely misses you. x2
The efreet hits you with a +2 scimitar of flaming.
You die...
Your body crumbles into a pile of gold.

.....................
#########............
##..###..............
##....#...............
#.....#...............
#..................
#..#...............
##..#...............
#°D@##.)........
..)=○.R..###.......
..#Q##....# ...... #.
###...#..... . ...#
.... # ..## ###


You could see a 11-headed hydra, a tengu warrior and an efreet.

Vanquished Creatures
  A komodo dragon (D:5)
  A shadow (D:9)
  A wraith (D:9)
  Eustachio (D:4)
  13 yaks
  A steam dragon (D:7)
  3 orc warriors
  2 ice beasts
  2 sky beasts (D:7)
  2 black bears
  3 ogres (D:5)
  3 bullfrogs (D:7)
  3 gnoll sergeants
  6 scorpions
  4 wights
  4 killer bees
  4 orc priests
  7 hounds
  4 jellies
  Terence (D:3)
  8 iguanas
  3 orc wizards
  18 gnolls
  10 adders
  A shadow imp (D:5)
  An ufetubus (D:5)
  2 worms
  2 dart slugs
  29 orcs
  4 bats
  8 endoplasms
  3 giant cockroaches
  7 goblins
  10 hobgoblins
  2 jackals (D:4)
  A quokka (D:2)
  10 ball pythons
  A frilled lizard (D:1)
  8 kobolds
  5 rats
  A spectral kobold (D:4)
200 creatures vanquished.

Vanquished Creatures (others)
  A wizard (D:6)
  4 plants (D:3)
5 creatures vanquished.

Grand Total: 205 creatures vanquished

Notes
Turn   | Place    | Note
-------+----------+-------------------------------------------
     0 | D:1      | GigaChad the Minotaur Fighter began the quest for the Orb.
     0 | D:1      | Reached XP level 1. HP: 19/19 MP: 0/0
   264 | D:1      | Found a faded altar of an unknown god.
   284 | D:1      | Reached XP level 2. HP: 27/27 MP: 1/1
   528 | D:1      | Reached skill level 3 in Axes
  1003 | D:2      | Reached XP level 3. HP: 33/33 MP: 2/2
  1984 | D:2      | Reached XP level 4. HP: 34/40 MP: 3/3
  2113 | D:3      | Noticed Terence
  2119 | D:3      | Reached skill level 4 in Axes
  2123 | D:3      | Killed Terence
  2124 | D:3      | Reached skill level 1 in Dodging
  2258 | D:3      | Identified a scroll of acquirement
  2258 | D:3      | Acquired the +1 pair of gloves of Nice Wonder {Regen+ Str+3
                  | Int+3}
  2269 | D:3      | Found a shimmering altar of Xom.
  2327 | D:3      | Reached XP level 5. HP: 47/47 MP: 4/4
  2608 | D:3      | Reached skill level 5 in Axes
  2876 | D:4      | Found a staircase to the Ecumenical Temple.
  2884 | D:4      | Reached XP level 6. HP: 51/53 MP: 5/5
  2896 | D:4      | Reached skill level 5 in Fighting
  2896 | D:4      | Reached skill level 6 in Axes
  2896 | D:4      | Reached skill level 5 in Armour
  2906 | Temple   | Entered the Ecumenical Temple
  3081 | Temple   | Became a worshipper of Gozag Ym Sagoz the Greedy
  3499 | D:4      | Noticed Eustachio
  3508 | D:4      | Killed Eustachio
  3509 | D:4      | Reached XP level 7. HP: 61/61 MP: 6/6
  3831 | D:4      | Found a hazy altar of Hepliaklqana.
  3967 | D:5      | Entered Level 5 of the Dungeon
  3980 | D:5      | Reached skill level 7 in Axes
  4004 | D:5      | Reached skill level 5 in Shields
  4063 | D:5      | Found an iron altar of Okawaru.
  4075 | D:5      | Reached skill level 8 in Axes
  4075 | D:5      | Reached XP level 8. HP: 70/70 MP: 7/7
  4162 | D:5      | Noticed a komodo dragon
  4178 | D:5      | Killed a komodo dragon
  4191 | D:5      | Reached skill level 9 in Axes
  4348 | D:5      | Reached skill level 10 in Axes
  4373 | D:5      | Identified the ring of Mitawn {rPois rCorr Dex-2 Slay+4
                  | SInv}
  4695 | D:5      | Reached XP level 9. HP: 73/79 MP: 8/8
  4935 | D:6      | Found a snail-covered altar of Cheibriados.
  4973 | D:6      | Found Urecsij's Jewellery Emporium.
  4977 | D:6      | Found Zagh's Antique Weapon Shoppe.
  4983 | D:6      | Bought the ring of the Hippo {Fly EV+4 Str+2 Int-2} for 496
                  | gold pieces
  5029 | D:6      | Found Avezuac's Jewellery Shop.
  5236 | D:6      | Found Yrridush's Assorted Antiques.
  5265 | D:6      | Found a bloodstained altar of Trog.
  5267 | D:6      | Noticed a wizard
  5272 | D:6      | Killed a wizard
  5792 | D:7      | Reached skill level 11 in Axes
  6021 | D:7      | You are sucked into a shaft and drop 3 floors!
  6021 | D:10     | Entered Level 10 of the Dungeon
  6062 | D:10     | Reached XP level 10. HP: 79/90 MP: 9/9
  6402 | D:8      | Reached skill level 5 in Dodging
  6410 | D:8      | Reached skill level 12 in Axes
  6795 | D:7      | Identified the amulet of Discord {Faith rF+ Slay+2 SInv}
  7196 | D:8      | Found Puynk's Weapon Boutique.
  7560 | D:9      | Noticed a seven-headed hydra
  7567 | D:9      | Noticed a tengu warrior
  7569 | D:9      | HP: 2/91 [11-headed hydra (13)]
  7569 | D:9      | Slain by an efreet

Illustrated notes

Levels and vault maps discovered:
D:1:      spicycebolla_arrival_clurvy, layout_basic,
          hellmonk_ecumenical_altar_crossroads
D:2:      layout_basic
D:3:      layout_basic, mainiacjoe_overflow_catwalk, kennysheep_boxes,
          uniq_terence
D:4:      layout_basic, nicolae_hepliaklqana_monster_ancestors,
          minmay_temple_entry_wispy, minmay_statues_item, minivault_23,
          uniq_eustachio
D:5:      cheibrodos_fzero, layout_loops_cross, okawaru_metal_pillars_1_2,
          minmay_small_thing
D:6:      layout_loops_corners, trog_wizard, mainiacjoe_overflow_brackets,
          serial_shops, nicolae_shop_statue_plus, shop_fountains,
          nicolae_shop_trees, shop
D:7:      layout_loops_ring, enter_bailey_2, minmay_holes
D:8:      layout_loops_ring, serial_shops, nicolae_shop_hallway_plus,
          amcnicky_mini_corridor_feature, kennysheep_path_1,
          hangedman_decor_points
D:9:      minmay_curly_fans, layout_long_grid
D:10:     layout_stronghold, erik_orc_2, nicolae_trove_entry_columns
Temple:   minmay_crystal_spiral_temple

Skill      XL: |  1  2  3  4  5  6  7  8  9 10 |
---------------+-------------------------------+-----
Armour         | 4 5 6 8 9 |  9.1
Fighting       | 4 5 7 8 9 |  9.4
Axes           | 3 4 5 6 8 10 11 12 | 12.2
Shields        | 4 5 6 7 |  7.2
Dodging        | 1 2 3 4 5 |  5.3
Stealth        | |  0.5

Action                   |  1- 3 |  4- 6 |  7- 9 | 10-12 || total
-------------------------+-------+-------+-------+-------++-------
Melee: War axe           |    81 |    84 |   214 |    98 ||   477
       Headbutt          |     9 |    16 |    47 |    19 ||    91
Invok: Call Merchant     |       |       |       |     1 ||     1
  Use: Scroll            |       |     5 |     9 |       ||    14
 Stab: Distracted        |       |       |     1 |       ||     1
Armor: Scale mail        |    36 |    48 |       |       ||    84
       Chain mail        |       |    11 |    79 |    11 ||   101
       Plate armour      |       |       |       |    25 ||    25
Dodge: Dodged            |    44 |    48 |    95 |    60 ||   247
Block: Buckler           |    24 |    12 |    55 |    31 ||   122
